 Dungeon Crawl Stone Soup version 0.30.1 (webtiles) character file.

Game seed: 10188284131713732171

245 Graphine the Ducker (level 6, 0/47 HPs)
             Began as a Merfolk Gladiator on July 2, 2023.
             Was a Follower of Zin.
             Slain by Natasha (6 damage)
             ... on level 4 of the Dungeon.
             The game lasted 00:05:27 (2623 turns).

Graphine the Ducker (Merfolk Gladiator)             Turns: 2623, Time: 00:05:28

Health: 0/47       AC:  5    Str: 15    XL:     6   Next: 10%
Magic:  15/15      EV: 14    Int:  7    God:    Zin [*.....]
Gold:   144        SH:  0    Dex: 17    Spells: 5/5 levels left

rFire   . . .        a - +0 long sword
rCold   + . .        (no shield)
rNeg    . . .        b - +0 leather armour
rPois   .            c - +1 helmet
rElec   .            (no cloak)
rCorr   .            (no gloves)
SInv    .            (no boots)
Will    .....        l - amulet of faith
Stlth   +            i - ring of magical power
HPRegen 0.27/turn    m - ring of protection from cold
MPRegen 0.14/turn

%: faith
@: slowed, very slow
A: (nimble swimmer 2), mertail
a: Renounce Religion, Recite, Donate Gold


You were on level 4 of the Dungeon.
You worshipped Zin.
Zin was aware of your devotion.
You visited 1 branch of the dungeon, and saw 4 of its levels.

You collected 159 gold pieces.
You donated 15 gold pieces to Zin.

Inventory:

Hand Weapons
 a - a +0 long sword (weapon)
Missiles
 e - a javelin (quivered)
Armour
 b - a +0 leather armour (worn)
 c - a +1 helmet (worn)
Magical Staves
 h - a staff of conjuration
Jewellery
 i - a ring of magical power (left hand)
 l - an amulet of faith (around neck)
 m - a ring of protection from cold (right hand)
Wands
 g - a wand of roots (7)
 k - a wand of charming (10)
Scrolls
 j - 2 scrolls of teleportation
Potions
 f - a potion of brilliance
 n - a potion of cancellation {unknown}
 o - 2 potions of mutation {unknown}
 s - 2 potions of attraction


   Skills:
 + Level 3.3 Fighting
 * Level 5.0 Long Blades
 * Level 3.4 Throwing
 * Level 5.8 Dodging
 * Level 0.8 Invocations


You had 5 spell levels left.
You didn't know any spells.
Your spell library contained the following spells:

 Spells                   Type           Power      Damage    Failure   Level
 Kiss of Death            Conj/Necr      0%         2d5       50%         1
 Slow                     Hex            0%         N/A       50%         1
 Confusing Touch          Hex            0%         N/A       86%         3
 Vampiric Draining        Necr           0%         2d6       86%         3
 Dispel Undead            Necr           0%         3d6       99%         4


Dungeon Overview and Level Annotations

Branches:
Dungeon (4/15)
 Temple: D:4-7

Altars:
Qazlal
Wu Jian
Zin

Annotations:
D:4 Natasha


Innate Abilities, Weirdness & Mutations

((You are very nimble when in or above water. (Stealth+, EV+, Speed+++)))
Your lower body shifts to a powerful aquatic tail in water.


Message History

The cerulean imp hits you from afar with a +0 spear.
You closely miss Natasha.
Natasha casts a spell.
The cerulean imp barely misses you. Natasha barely misses you.
You hit Natasha but do no damage. The cerulean imp barely misses you.
Natasha misses you. The cerulean imp misses you. Natasha completely misses you.
You hit Natasha but do no damage.
The cerulean imp hits you from afar with a +1 spear.
The cerulean imp hits you from afar with a +0 spear.
Natasha claws you. The cerulean imp barely misses you.
The cerulean imp hits you from afar with a +0 spear.
Natasha stares at you and mumbles some strange words.
The magic dart hits you.
Unknown command.
Hit: a) +0 long sword
Press: ? - help, Dir - move target, f/p - Natasha
Aim: Natasha (about 45% to evade your +0 long sword)
You slash Natasha!
Natasha is heavily wounded.
The cerulean imp closely misses you.
The cerulean imp hits you from afar with a +0 spear.
Natasha closely misses you.
The cerulean imp hits you from afar with a +1 spear.
The cerulean imp hits you but does no damage.
Hit: a) +0 long sword
Press: ? - help, Dir - move target, f/p - Natasha
Aim: Natasha (heavily wounded, about 45% to evade your +0 long sword)
You hit Natasha but do no damage.
Natasha is heavily wounded.
Natasha mumbles some strange words.
You feel disoriented. Natasha misses you. The cerulean imp barely misses you.
The cerulean imp hits you from afar with a +0 spear.
Natasha stares at you and mumbles some strange words.
The magic dart hits you!
* * * LOW HITPOINT WARNING * * *
The cerulean imp hits you from afar with a +1 spear.
* * * LOW HITPOINT WARNING * * *
Natasha attacks as you move away! Natasha claws you.
You die...

....................
...................#
.........##)..#.....
#........###...####..
##..########..###
###..# ##..### #.....#
###.....##.
.......###....†.....#
(....5h@..............
.....5####......###.#.
....> #......# .# ....
#........ . ...
.......... ..
............ .
#...##....... .###
##...


You could see Natasha and 2 cerulean imps.

Vanquished Creatures
  A scorpion (D:3)
  2 hounds
  Natasha (D:4)
  A gnoll (D:1)
  5 adders
  2 worms (D:2)
  An orc (D:3)
  2 bats
  6 endoplasms
  A giant cockroach (D:3)
  5 hobgoblins
  2 kobolds (D:4)
  3 quokkas
  5 ball pythons
  3 goblins
  9 rats
49 creatures vanquished.

Notes
Turn   | Place    | Note
-------+----------+-------------------------------------------
     0 | D:1      | Graphine the Merfolk Gladiator began the quest for the Orb.
     0 | D:1      | Reached XP level 1. HP: 16/16 MP: 1/1
   151 | D:1      | Reached XP level 2. HP: 23/23 MP: 2/2
   468 | D:1      | Reached XP level 3. HP: 28/28 MP: 3/3
  1271 | D:2      | Reached XP level 4. HP: 28/34 MP: 4/4
  1303 | D:2      | Reached skill level 5 in Dodging
  1873 | D:3      | Found an ornate altar of the Wu Jian Council.
  2202 | D:3      | Reached XP level 5. HP: 21/41 MP: 5/5
  2318 | D:3      | Found a glowing silver altar of Zin.
  2319 | D:3      | Found a stormy altar of Qazlal.
  2333 | D:3      | Became a worshipper of Zin the Law-Giver
  2333 | D:3      | Reached * piety under Zin
  2409 | D:4      | Noticed Natasha
  2415 | D:4      | Killed Natasha
  2472 | D:4      | Reached skill level 5 in Long Blades
  2472 | D:4      | Reached XP level 6. HP: 11/47 MP: 6/6
  2612 | D:4      | Noticed Natasha
  2623 | D:4      | Slain by Natasha

Illustrated notes

Levels and vault maps discovered:
D:1:      dpeg_arrival_rooms_b, layout_basic, minmay_tromino_i2
D:2:      layout_basic
D:3:      layout_rooms, nzn_wu_jian_contemplation,
          gammafunk_temple_overflow_pools, serial_curves, eino_curves_03,
          eino_curves_03, eino_curves_01, eino_curves_03
D:4:      layout_cave_pools, mainiacjoe_overflow_chevrons,
          nicolae_ru_awakened_eye, slow_altar_2, minmay_temple_entry_tees,
          uniq_natasha

Skill      XL: |  1  2  3  4  5 |
---------------+----------------+-----
Long Blades    | 4 5 |  5.0
Dodging        | 5 |  5.8
Fighting       | 3 |  3.3
Throwing       | 3 |  3.4
Invocations    | |  0.8

Action                     |  1- 3 |  4- 6 || total
---------------------------+-------+-------++-------
  Melee: Long sword        |    76 |   106 ||   182
  Throw: Stone             |     5 |       ||     5
         Throwing net      |     1 |     3 ||     4
    Use: Scroll            |     1 |     8 ||     9
         Potion            |       |     2 ||     2
   Stab: Sleeping          |     3 |     2 ||     5
         Held in net/web   |       |     1 ||     1
 Armour: Leather armour    |    14 |    22 ||    36
  Dodge: Dodged            |    39 |    98 ||   137
